 Dungeon Crawl Stone Soup version 0.19.0-20-gbc5f0c6 (webtiles) character file.

375 Assic the Digger (level 6, -5/48 HPs)
             Began as a Gargoyle Earth Elementalist on Nov 17, 2016.
             Killed by divine providence
             ... invoked by an orc priest
              (12 damage)
             ... on level 4 of the Dungeon.
             The game lasted 00:15:08 (4648 turns).

Assic the Digger (Gargoyle Earth Elementalist)      Turns: 4648, Time: 00:15:09

Health: -5/48      AC: 23    Str: 12    XL:     6   Next: 73%
Magic:  2/13       EV:  2    Int: 17    God:
Gold:   202        SH:  0    Dex: 10    Spells: 2 memorised, 10 levels left

rFire  . . .     SeeInvis .     j - +1 short sword
rCold  . . .     Gourm    .     (armour currently unavailable)
rNeg   + + +     Faith    .     (no shield)
rPois  ∞         Spirit   .     (helmet currently unavailable)
rElec  .         Reflect  .     (cloak currently unavailable)
rCorr  .         Harm     .     (gloves currently unavailable)
MR     .....     NoTele   +     (boots currently unavailable)
Stlth  ++........               (no amulet)
                                (no ring)
                                (no ring)

@: tree-form
A: negative energy resistance 1, (electricity resistance), (unbreathing),
petrification resistance, rot immunity, AC +4
a: no special abilities


You were on level 4 of the Dungeon.
You were not hungry.
You were a tree.
You visited 1 branch of the dungeon, and saw 4 of its levels.

You collected 202 gold pieces.

Inventory:

Hand Weapons
 j - a +1 short sword (weapon)
 k - a +1 dagger of speed
 p - a +0 mace
 t - a +0 hunting sling
Missiles
 b - 14 stones (quivered)
 h - 15 sling bullets
Armour
 c - a +2 robe (melded)
 g - a +2 hat (melded)
Wands
 n - a wand of digging (4/24)
Scrolls
 a - a scroll of enchant armour
 m - a scroll of enchant weapon
 s - a scroll of magic mapping
Potions
 f - a potion of cure mutation
 l - 3 potions of cancellation
 q - a potion of curing {unknown}
 r - a potion of experience {unknown}
Books
 e - a book of Geomancy

   Spells                             Type                      Level
   a - Sandblast                      Earth                        1
   b - Passwall                       Transmutation/Earth          2
   c - Stone Arrow                    Conjuration/Earth            3
   d - Petrify                        Transmutation/Earth          4
   e - Lee's Rapid Deconstruction     Earth                        5
Comestibles
 d - 3 bread rations
 i - 9 chunks of flesh
 u - a meat ration
 v - a beef jerky


   Skills:
 - Level 1.5 Dodging
 - Level 2.1 Stealth
 * Level 4.7 Spellcasting
 + Level 3.3 Conjurations
   Level 0.7 Transmutations
 + Level 5.3 Earth Magic


You had 10 spell levels left.
You knew the following spells:

 Your Spells              Type           Power        Failure   Level  Hunger
a - Sandblast             Erth           ###...       1%          1    None
b - Stone Arrow           Conj/Erth      ###...       10%         3    ###....


Dungeon Overview and Level Annotations

Branches:
Dungeon (4/15)
 Temple: D:4-7

Altars:

Annotations:
D:4 Jesseh's ghost, amateur DDFi


Innate Abilities, Weirdness & Mutations

You are resistant to torment.
((Your stone body is resilient. (AC +4)))
You are immune to poison.
You resist negative energy. (rN+)
((You are resistant to electric shocks. (rElec)))
((You can survive without breathing.))
You are immune to petrification.
You are immune to rotting.


Message History

* * * LOW HITPOINT WARNING * * *
The orc hits you.
* * * LOW HITPOINT WARNING * * *
It was a potion of cure mutation.
It has a very clean taste.
The orc priest invokes the aid of Beogh against you.
You barely resist. The orc hits you but does no damage.
It was a potion of lignification.
You turn into a tree.
Your +2 hat melds into your body.
Your +2 robe melds into your body.
Your roots penetrate the ground.
The orc priest hits you but does no damage.
The orc hits you but does no damage.
You hit the orc priest but do no damage.
The orc priest is severely wounded.
The orc hits you but does no damage.
The orc priest hits you but does no damage.
You barely miss the orc priest.
The orc priest is severely wounded.
The orc priest calls down the wrath of Beogh upon you.
Beogh smites you!
You die...

#..# ### ...# .# (o###.#.# .#
#.......## ##. #.........
#####.. ##.........
......###############..........
..........<.....♣o.............
......####......)o......<......
#..........########.......>..##
.....####### ##..##....#....
#.....# #..######## ...
..#...###### #.## ..
.#.........## #.# .
#.#.#####..#####.# ...#.#
##.##..>.###


You could see an orc priest and an orc.

Vanquished Creatures
  The ghost of Jesseh the Chopper, an amateur DDFi (D:3)
  A hound (D:4)
  2 orc wizards (D:3)
  A worker ant (D:2)
  5 adders
  A shadow imp (D:3)
  2 oozes
  5 worms
  2 dart slugs (D:2)
  2 leopard geckos
  5 orcs
  2 ball pythons
  7 bats
  6 giant cockroaches
  8 goblins
  7 hobgoblins
  10 jackals
  8 frilled lizards
  6 kobolds
  11 rats
92 creatures vanquished.

Notes
Turn   | Place    | Note
-------+----------+-------------------------------------------
     0 | D:1      | Assic the Gargoyle Earth Elementalist began the quest for the Orb.
     0 | D:1      | Reached XP level 1. HP: 10/10 MP: 3/3
   265 | D:1      | Reached XP level 2. HP: 15/15 MP: 1/5
   493 | D:1      | Reached skill level 4 in Earth Magic
   925 | D:1      | Reached XP level 3. HP: 19/19 MP: 7/7
   930 | D:1      | Learned a level 3 spell: Stone Arrow
  1967 | D:2      | Reached XP level 4. HP: 14/24 MP: 8/8
  2271 | D:2      | Reached skill level 1 in Conjurations
  2963 | D:3      | Reached XP level 5. HP: 28/28 MP: 10/10
  2975 | D:3      | Noticed Jesseh's ghost (amateur DDFi)
  3087 | D:3      | Killed Jesseh's ghost
  3235 | D:3      | HP: 2/42 [orc wizard/puff of flame (6)]
  3236 | D:3      | Reached skill level 5 in Earth Magic
  3236 | D:3      | Reached XP level 6. HP: 2/32 MP: 6/12
  4548 | D:4      | Noticed Jesseh's ghost (amateur DDFi)
  4648 | D:4      | Killed from afar by an orc priest

Skill      XL: |  1  2  3  4  5  6 |
---------------+-------------------+-----
Earth Magic    | 4 5 |  5.3
Spellcasting   | 3 4 |  4.7
Conjurations   | 1 2 3 |  3.3
Dodging        | |  1.5
Stealth        | |  2.1
Transmutations | |  0.7

Action                   |  1- 3 |  4- 6 || total
-------------------------+-------+-------++-------
Melee: Short sword       |    88 |   173 ||   261
 Fire: Hunting sling     |       |    28 ||    28
 Cast: Sandblast         |    22 |    23 ||    45
       Stone Arrow       |     1 |    17 ||    18
  Use: Scroll            |     6 |     4 ||    10
       Potion            |       |     4 ||     4
 Stab: Sleeping          |     2 |     1 ||     3
  Eat: Chunk             |     4 |    10 ||    14
Armor: Robe              |    51 |   113 ||   164
       Skin              |       |     3 ||     3
Dodge: Dodged            |    90 |   116 ||   206
